 Dungeon Crawl Stone Soup version 0.22-a0-414-gacd343e8ff (webtiles) character file.

501 Manul the Slasher (level 7, -6/41 HPs)
             Began as a Tengu Gladiator on May 13, 2018.
             Killed by divine providence
             ... invoked by an orc priest
              (14 damage)
             ... on level 5 of the Dungeon.
             The game lasted 00:03:12 (4999 turns).

Manul the Slasher (Tengu Gladiator)                 Turns: 4999, Time: 00:03:13

Health: -6/41      AC:  4    Str: 15    XL:     7   Next: 17%
Magic:  8/8        EV: 14    Int:  9    God:
Gold:   202        SH:  0    Dex: 16    Spells: 6/6 levels left

rFire    . . .     SeeInvis .   a - +0 long sword
rCold    . . .     Gourm    .   (no shield)
rNeg     . . .     Faith    .   b - +0 leather armour
rPois    +         Spirit   .   c - +0 hat
rElec    .         Reflect  +   (no cloak)
rCorr    .         Harm     .   o - +0 pair of gloves
MR       .....                  (boots unavailable)
Stlth    +.........             n - +2 amulet of reflection
HPRegen  0.13/turn              h - ring of poison resistance
MPRegen  0.11/turn              (no ring)

@: confused
A: beak, talons 3, able to fly 1
a: Fly


You were on level 5 of the Dungeon.
You were not hungry.

You visited 1 branch of the dungeon, and saw 5 of its levels.

You collected 202 gold pieces.

Inventory:

Hand Weapons
 a - a +0 long sword (weapon)
 j - a +0 whip of venom
Missiles
 d - 3 throwing nets (quivered)
Armour
 b - a +0 leather armour (worn)
 c - a +0 hat (worn)
 m - a +1 chain mail of fire resistance
 o - a +0 pair of gloves (worn)
Jewellery
 h - a ring of poison resistance (left hand)
 n - a +2 amulet of reflection (around neck)
Scrolls
 e - 2 scrolls of remove curse {unknown}
 g - 4 scrolls of teleportation {unknown}
 i - 2 scrolls of enchant weapon {unknown}
 p - a scroll of random uselessness {unknown}
 q - 4 scrolls of identify {unknown}
 r - 2 scrolls of enchant armour {unknown}
 t - 4 scrolls of immolation {unknown}
Potions
 k - a potion of curing
 l - a potion of haste
 s - a potion of ambrosia
 u - a potion of heal wounds {unknown}
Comestibles
 f - 7 rations
 v - 6 chunks of flesh


   Skills:
 + Level 3.5 Fighting
 + Level 5.9 Long Blades
 - Level 0.5 Maces & Flails
 + Level 2.1 Throwing
 + Level 2.8 Armour
 + Level 4.7 Dodging
 + Level 2.1 Stealth


You had 6 spell levels left.
You didn't know any spells.
Your spell library contained the following spells:

 Spells                   Type           Power        Failure   Level  Hunger
 Magic Dart               Conj           #...         45%         1    ##.....
 Conjure Flame            Conj/Fire      #.......     83%         3    ####...
 Slow                     Hex            #.......     58%         2    ###....
 Mephitic Cloud           Conj/Pois/Air  #.......     83%         3    ####...
 Blink                    Tloc           N/A          58%         2    ###....
 Call Imp                 Summ           #.......     58%         2    ###....


Dungeon Overview and Level Annotations

Branches:
Dungeon (5/15)
 Temple: D:4-7

Altars:
Qazlal
Wu Jian
Yredelemnul
The Shining One

Annotations:
D:2 1 runed door


Innate Abilities, Weirdness & Mutations

You have a beak for a mouth.
You have claws for feet.
You can fly.


Message History

The orc priest calls down the wrath of Beogh upon you.
Pain shoots through your body!
* * * LOW HITPOINT WARNING * * *
The orc hits you with a short sword.
* * * LOW HITPOINT WARNING * * *
The orc hits you with a dagger.
* * * LOW HITPOINT WARNING * * *
You are too injured to fight recklessly!
Unknown command.
It was a potion of ambrosia.
You are confused.
You feel invigorated. The orc priest closely misses you. The orc misses you.
The orc hits you with a dagger.
* * * LOW HITPOINT WARNING * * *
The orc misses you.
You bump into the rock wall.
The orc priest hits you with a whip.
* * * LOW HITPOINT WARNING * * *
The orc priest calls down the wrath of Beogh upon you.
Beogh smites you!
You die...

#.### #... #$
....# #>## #.
#.#.#.# #.##
#. #.#.#.#
#.## #.##
##.#.#.####.#.
..#
#...........#.
#.#
#.##.########.
####o###.##.##
#.
#..o@o..#...?#
#.
#.##o##.[##..#
#. #Z##.###..#
#. .o.... ...#
#.
..o##.###..#
.#..##.# #..#
#...###o# #...
#... ... ..#
#.#


You could see an orc warrior, 2 orc priests, 3 orcs and a quokka skeleton.

Vanquished Creatures
  An ogre (D:5)
  A scorpion (D:4)
  A hound (D:4)
  Natasha (thrice) (D:2)
  2 human skeletons (D:2)
  Terence (D:3)
  A howler monkey zombie (D:4)
  7 adders
  2 oozes
  2 worms
  2 dart slugs
  2 leopard geckos
  4 orcs
  9 giant cockroaches
  9 goblins
  11 hobgoblins
  9 jackals
  2 quokkas (D:4)
  6 bats
  3 frilled lizards
  10 kobolds
  8 rats
96 creatures vanquished.

Notes
Turn   | Place    | Note
-------+----------+-------------------------------------------
     0 | D:1      | Manul the Tengu Gladiator began the quest for the Orb.
     0 | D:1      | Reached XP level 1. HP: 12/12 MP: 2/2
    86 | D:1      | Reached XP level 2. HP: 7/17 MP: 3/3
   958 | D:1      | Reached XP level 3. HP: 8/22 MP: 4/4
  1781 | D:2      | Reached skill level 4 in Long Blades
  1972 | D:2      | Noticed Natasha
  1980 | D:2      | Killed Natasha
  1980 | D:2      | Reached skill level 1 in Armour
  1980 | D:2      | Reached XP level 4. HP: 3/27 MP: 5/5
  2372 | D:2      | Noticed Natasha
  2378 | D:2      | Killed Natasha
  2438 | D:2      | Noticed a human
  2439 | D:2      | Found a runed door.
  2442 | D:2      | Noticed Natasha
  2444 | D:2      | Found a basalt altar of Yredelemnul.
  2455 | D:2      | Gained mutation: You can fly. [Tengu growth]
  2455 | D:2      | Reached XP level 5. HP: 18/31 MP: 6/6
  2459 | D:2      | Killed Natasha
  2459 | D:2      | Reached skill level 1 in Stealth
  3223 | D:3      | Reached skill level 5 in Long Blades
  3255 | D:3      | Reached XP level 6. HP: 37/37 MP: 7/7
  3312 | D:3      | Noticed Terence
  3323 | D:3      | Killed Terence
  3947 | D:4      | Found a glowing golden altar of the Shining One.
  4291 | D:4      | Found an ornate altar of the Wu Jian Council.
  4865 | D:5      | Entered Level 5 of the Dungeon
  4940 | D:5      | Found a stormy altar of Qazlal.
  4956 | D:5      | Reached XP level 7. HP: 41/41 MP: 8/8
  4999 | D:5      | Killed from afar by an orc priest

Vault maps used:
D:1:      dpeg_arrival_round_c
D:2:      dk_yredelemnul_ordeal, uniq_natasha
D:3:      first_ration, uniq_terence
D:4:      marbit_many_paths, kennysheep_mini
D:5:      nicolae_overflow_crystal_walls

Skill      XL: |  1  2  3  4  5  6 |
---------------+-------------------+-----
Long Blades    | 4 5 |  5.9
Armour         | 1 2 |  2.8
Dodging        | 4 |  4.7
Stealth        | 1 2 |  2.1
Fighting       | 3 |  3.5
Maces & Flails | |  0.5
Throwing       | |  2.1

Action                   |  1- 3 |  4- 6 |  7- 9 || total
-------------------------+-------+-------+-------++-------
Melee: Long sword        |    54 |   150 |     4 ||   208
       Kick              |    26 |    44 |     3 ||    73
       Peck              |    11 |    27 |       ||    38
       Whip              |    27 |       |       ||    27
  Use: Potion            |     2 |       |     1 ||     3
 Stab: Sleeping          |     1 |     5 |     1 ||     7
  Eat: Chunk             |     3 |     9 |     1 ||    13
Armor: Leather armour    |    30 |    36 |       ||    66
Dodge: Dodged            |    59 |   125 |     4 ||   188
Block: Other             |       |    15 |       ||    15
       Rpst.: Long sword |     8 |    38 |       ||    46

Table legend:
 A = Spawn XP
 B = Non-spawn XP
 C = Spawn XP percentage of total XP
 D = Spawn monster count
 E = Non-spawn monster count
 F = Spawn count percentage of total count
 G = Total turns spent on level
                    A         B        C        D         E        F      G
               +---------+---------+-------+---------+---------+-------+---------
         Total |       0 |     717 |   0.0 |       0 |      96 |   0.0 |  4999
               +---------+---------+-------+---------+---------+-------+---------
           D:1 |       0 |      42 |   0.0 |       0 |      25 |   0.0 |  1635
           D:2 |       0 |     221 |   0.0 |       0 |      20 |   0.0 |  1480
           D:3 |       0 |     119 |   0.0 |       0 |      35 |   0.0 |   733
           D:4 |       0 |     204 |   0.0 |       0 |      12 |   0.0 |  1017
           D:5 |       0 |     131 |   0.0 |       0 |       4 |   0.0 |   134
               +---------+---------+-------+---------+---------+-------+---------
